 Dungeon Crawl Stone Soup version 0.32-a0-818-gb728d0252e (webtiles) character file.

Game seed: 6897515875357701908

139 AstroCodex24 the Trooper (level 5, -3/41 HPs)
             Began as a Vampire Fighter on Mar 23, 2024.
             Slain by a yak (8 damage)
             ... on level 5 of the Dungeon.
             The game lasted 00:06:49 (1171 turns).

AstroCodex24 the Trooper (Vampire Fighter)          Turns: 1171, Time: 00:06:49

Health: -3/41      AC:  6    Str: 17    XL:     5   Next: 1%
Magic:  0/5        EV:  8    Int: 10    God:
Gold:   35         SH:  4    Dex: 14    Spells: 4/4 levels left

rFire   . . .        a - +1 war axe
rCold   . . .        c - +0 buckler
rNeg    . . .        b - +0 scale mail
rPois   .            (no helmet)
rElec   .            (no cloak)
rCorr   .            (no gloves)
SInv    +            (no boots)
Will    .....        h - amulet of guardian spirit Stlth
                     (no ring)
HPRegen 0.46/turn    (no ring)
MPRegen 0.09/turn

%: guardian spirit
@: healing quickly
A: alive, fangs 3, see invisible, vampiric 2
a: Exsanguinate


You were on level 5 of the Dungeon.
You visited 1 branch of the dungeon, and saw 6 of its levels.

You collected 35 gold pieces.

Inventory:

Hand Weapons
 a - a +1 war axe (weapon)
Armour
 b - a +0 scale mail (worn)
 c - a +0 buckler (worn)
Jewellery
 f - an amulet of guardian spirit
 h - an amulet of guardian spirit (around neck)
Scrolls
 i - 2 scrolls of revelation
 j - a scroll of acquirement {unknown}
 k - a scroll of blinking {unknown}
Potions
 d - a potion of might
 g - a potion of heal wounds {unknown}


   Skills:
 + Level 3.5 Fighting
 + Level 3.0 Axes
 + Level 3.0 Armour
 + Level 0.9 Dodging
 + Level 3.1 Shields


You had 4 spell levels left.
You didn't know any spells.
Your spell library contained the following spells:

 Spells                   Type           Power      Damage    Failure   Level
 Lesser Beckoning         Tloc           0%         N/A       94%         2
 Gell's Gravitas          Tloc           0%         N/A       99%         3
 Teleport Other           Tloc           0%         N/A       99%         3


Dungeon Overview and Level Annotations

Branches:
Dungeon (6/15)
 Temple: D:4-7

Altars:
Ashenzari
Okawaru

Annotations:
D:4 Grinder


Innate Abilities, Weirdness & Mutations

Your natural rate of healing is accelerated.
You have razor-sharp teeth.
You have supernaturally acute eyesight. (SInv)
You are afflicted with vampirism and can become a bat while bloodless.


Message History

The yak attacks as it pursues you! The yak gores you but does no damage.
Read: scroll of fear
Press: ? - help, Q - select action, (/) - cycle Dir - look around, f - activate Look: a yak (chance to affect: 97%)
As you read the scroll of fear, it crumbles to dust.
You assume a fearsome visage.
The yak looks frightened! x2
You completely miss the yak.
The yak seems to regain its courage.
The yak attacks as it pursues you! The yak barely misses you.
The yak closely misses you.
There is a stone staircase leading up here.
The yak gores you!
You climb upwards.
There is a stone staircase leading down here.
You barely miss the yak. You bite the yak.
The yak is lightly wounded.
The yak gores you!
You hit the yak.
The yak is lightly wounded.
The yak gores you but does no damage.
You hit the yak but do no damage. You bite the yak.
The yak is moderately wounded.
The yak gores you. The yak closely misses you.
You hit the yak.
The yak is moderately wounded.
The yak gores you!
You slash the yak!
The yak is heavily wounded.
The yak gores you.
* * * LOW HITPOINT WARNING * * *
The yak gores you.
* * * LOW HITPOINT WARNING * * *
You hit the yak but do no damage.
The yak is heavily wounded.
The yak misses you.
You hit the yak.
The yak is severely wounded.
The yak gores you!
You die...

#...<...###
#####.....## ..#
#......## #..
##........###..#
#..###......#..#
#..# #........###
##.## #.........###
#..# #...Y......#
##..# ###..@.......
#..##
####......####..
#..####.........#
##..#......##....##
#......)######....#
#...##### ##...##
##### #.)..## #
##....###..
#....#....


You could see a yak.

Vanquished Creatures
  A bullfrog (D:6)
  3 adders
  A white imp (D:5)
  A ribbon worm (D:2)
  An orc (D:4)
  5 bats
  2 endoplasms
  A giant cockroach (D:2)
  2 goblins
  2 hobgoblins
  7 jackals
  3 ball pythons
  A frilled lizard (D:2)
  A kobold (D:2)
  A rat (D:3)
32 creatures vanquished.

Notes
Turn   | Place    | Note
-------+----------+-------------------------------------------
     0 | D:1      | AstroCodex24 the Vampire Fighter began the quest for the
                  | Orb.
     0 | D:1      | Reached XP level 1. HP: 17/17 MP: 1/1
   378 | D:2      | Reached XP level 2. HP: 15/24 MP: 2/2
   571 | D:3      | Gained mutation: You are afflicted with vampirism and can
                  | become a bat while bloodless. [Vampire growth]
   571 | D:3      | Reached XP level 3. HP: 29/29 MP: 3/3
   697 | D:3      | Found an iron altar of Okawaru.
   700 | D:3      | Found a faded altar of an unknown god.
   713 | D:4      | Noticed Grinder
   995 | D:5      | Entered Level 5 of the Dungeon
  1037 | D:5      | Reached XP level 4. HP: 28/35 MP: 2/4
  1057 | D:6      | Noticed a bullfrog
  1072 | D:6      | Killed a bullfrog
  1073 | D:6      | Reached XP level 5. HP: 17/41 MP: 1/5
  1129 | D:6      | Found a broken altar of Ashenzari.
  1142 | D:6      | Noticed a yak
  1142 | D:6      | Noticed a yak
  1171 | D:5      | Slain by a yak

Illustrated notes

Levels and vault maps discovered:
D:1:      co_arrival_random_square_maze, layout_basic,
          nicolae_ecumenical_lake_church
D:2:      layout_basic
D:3:      layout_rooms, grunt_temple_overflow_forces_of_nature,
          nicolae_overflow_ecumenical_swirl, hex_medium, serial_bayou_pond_e,
          minmay_misc_feat_tower
D:4:      gammafunk_steamed_eel, layout_rooms,
          mainiacjoe_overflow_small_starburst, serial_bayou_lake_a, uniq_ijyb,
          uniq_grinder
D:5:      layout_layer_cave, uniq_sigmund
D:6:      layout_loops_ring, lemuel_doored_altar, nicolae_ashenzari_panopticon,
          nicolae_overflow_two_pavilions, mainiacjoe_overflow_24_doors,
          temple_doors_cd, serial_shops, shop, shop

Skill      XL: |  1  2  3  4 |
---------------+-------------+-----
Fighting       | 3 |  3.5
Axes           | 2 3 |  3.0
Shields        | 3 |  3.1
Armour         | 3 |  3.0
Dodging        | |  0.9

Action                     |  1- 3 |  4- 6 || total
---------------------------+-------+-------++-------
  Melee: War axe           |    79 |    20 ||    99
         Bite              |     7 |     2 ||     9
    Use: Scroll            |     6 |     1 ||     7
         Potion            |     1 |       ||     1
 Armour: Scale mail        |   141 |    23 ||   164
  Dodge: Dodged            |    69 |     9 ||    78
  Block: Buckler           |    48 |     5 ||    53

Table legend: (Time is in decaauts)
 A = Elapsed time spent in this place.
 B = Non-inter-level travel time spent in this place.
 C = Inter-level travel time spent in this place.
 D = Time resting spent in this place.
 E = Time spent auto-exploring this place.
 F = Levels seen in this place.
 G = Mean time per level.
                   A        B        C        D        E       F      G
               +--------+--------+--------+--------+--------+-----+--------+
         Total |   1212 |   1210 |      2 |      0 |      0 |   6 |  202.0 |
       Dungeon |   1212 |   1210 |      2 |      0 |      0 |   6 |  202.0 |
               +--------+--------+--------+--------+--------+-----+--------+

Top non-repeatable levels by time:
     D:3: 399 daAuts
     D:1: 305 daAuts
     D:2: 273 daAuts
     D:6: 113 daAuts
     D:5: 71 daAuts
     D:4: 49 daAuts
